 Dungeon Crawl Stone Soup version 0.17-a0-1767-gccbed74 (webtiles) character file.

9387 Leibowitz the Nimble (level 11, -2/127 (129) HPs)
             Began as a Demonspawn Gladiator on Sept 6, 2015.
             Was a High Priest of Trog.
             Slain by Fannar
             ... wielding a +0 quarterstaff of freezing
              (6 damage)
             ... on level 10 of the Dungeon.
             The game lasted 00:35:49 (9590 turns).

Leibowitz the Nimble (Demonspawn Gladiator)         Turns: 9590, Time: 00:35:49

HP:   -2/127 (129)  AC: 11    Str: 28    XL:     11   Next: 22%
MP:   8/8           EV: 17    Int: 10    God:    Trog [*****.]
Gold: 591           SH:  0    Dex: 14    Spells: 0 memorised, 10 levels left

rFire  . . .     SeeInvis .     a - +1 war axe
rCold  . . .     Clarity  .     G - +0 troll leather armour
rNeg   . . .     SustAt   .     (no shield)
rPois  .         Gourm    .     (helmet restricted)
rElec  +         Spirit   .     (no cloak)
rCorr  .         Warding  .     (no gloves)
rMut   .         Stasis   .     (no boots)
MR     .....                    D - amulet of faith
Stlth  ..........               A - +5 ring of strength
                                t - +5 ring of protection

@: berserking, very quick, not resistant to hostile enchantments, extremely
unstealthy
A: antennae 1, yellow scales 1, low mp 2, mutation resistance 1, nightstalker 2,
electricity resistance, spiny 1
a: Burn Spellbooks, Berserk, Trog's Hand, Brothers in Arms, Renounce Religion


You were on level 10 of the Dungeon.
You worshipped Trog.
Trog was extremely pleased with you.
You were hungry.

You visited 1 branch of the dungeon, and saw 10 of its levels.

You collected 591 gold pieces.

Inventory:

Hand weapons
 a - a +1 war axe (weapon)
 b - a +0 blowgun
Missiles
 d - a throwing net
 y - 68 poisoned needles
 B - 7 curare-tipped needles
 F - 4 poisoned javelins (quivered)
Armour
 m - a +3 leather armour
 x - a +1 robe of magic resistance
 G - a +0 troll leather armour (worn)
Jewellery
 e - an uncursed ring of teleportation
 h - an uncursed ring of sustain attributes
 t - a +5 ring of protection (left hand)
 A - a +5 ring of strength (right hand)
 D - an amulet of faith (around neck)
Magical devices
 i - a wand of disintegration (18)
 r - a wand of teleportation (3)
 z - a wand of fireball (10)
 C - a wand of fire (5)
 H - a wand of polymorph (11)
 J - a wand of lightning (11)
Scrolls
 f - 2 scrolls of enchant armour
 l - a scroll of enchant weapon
 p - 17 scrolls of identify
 s - 3 scrolls of teleportation
 w - 4 scrolls of remove curse
Potions
 j - a potion of brilliance
 n - a potion of cure mutation
 E - a potion of flight
 I - a potion of curing
Comestibles
 g - 8 meat rations
 k - 5 beef jerkies
 o - 10 fruits
 q - 9 slices of pizza
 u - 2 royal jellies
 v - 6 bread rations


   Skills:
 + Level 7.8 Fighting
 + Level 7.7 Axes
 + Level 3.1 Throwing
 + Level 5.0 Armour
 + Level 9.7 Dodging
 + Level 7.1 Stealth


You had 10 spell levels left.
You didn't know any spells.

Dungeon Overview and Level Annotations

Branches:
Dungeon (10/15)            Temple (0/1) D:4            Lair (0/8) D:9
    Orc: D:9-12

Altars:
Ashenzari
Cheibriados
Dithmenos
Elyvilon
Gozag
Kikubaaqudgha
Nemelex Xobeh
Okawaru
Qazlal
Sif Muna
Trog
Xom

Annotations:
D:10 Fannar


Innate Abilities, Weirdness & Mutations

You have a pair of small antennae on your head.
You are partially covered in yellow scales (AC +2).
You are significantly more attuned to the shadows.
You are partially covered in sharp spines.
Your magical capacity is very low (-20% MP).
You are somewhat resistant to further mutation.
You are resistant to electric shocks.


Message History

Fannar gestures at you while chanting. The bolt of cold hits you!
* * * LOW HITPOINT WARNING * * *
Fannar blocks your attack.
Fannar is heavily wounded.
Fannar is struck by your spines. Fannar completely misses you.
You closely miss Fannar.
Fannar is heavily wounded.
You hit Fannar but do no damage.
Fannar is heavily wounded.
Fannar casts a spell.
Fannar drains the heat from the surrounding environment!
You feel very cold.
* * * LOW HITPOINT WARNING * * *
Fannar is frozen.
Fannar resists.
You slash Fannar!
Fannar is severely wounded.
Fannar is struck by your spines.
Fannar hits you with a quarterstaff of freezing.
You die...

#####+## .....
........# .....
........# y....
#......# (..
########......' ##
####(###.....##......#
.#
#....†.†.............#
.#
#...e.(..............#
.#
#....@.††............#
.#
########†............#
.# #.....#########
.##########
#.....#########
..........#
#.....##......#
..........#
#.....##......#
..........#
#.....##......#
.##.......#
#####'##......#
.##.......#
#.....##......#


You could see Fannar.

Vanquished Creatures
  A hill giant (D:10)
  Pikel (D:4)
  A gargoyle (D:10)
  4 trolls
  A two-headed ogre (D:9)
  A wyvern (D:8)
  A deep elf mage (D:9)
  A hog (D:7)
  Eustachio (D:5)
  2 hippogriffs
  The ghost of Rationalist the Shield-Bearer, an average FoFi (D:4)
  9 yaks
  A human (D:7)
  2 sky beasts
  2 ice beasts (D:8)
  4 orc warriors
  A necrophage (D:9)
  4 ogres
  2 phantoms
  4 centaurs
  6 big kobolds
  A crocodile (D:9)
  A wyvern zombie (D:6)
  A gnoll sergeant (D:8)
  7 giant frogs
  A wyvern skeleton (D:5)
  6 killer bees (D:10)
  4 wights (D:8)
  A giant frog zombie (D:5)
  6 hounds
  5 crimson imps
  5 orc priests
  A gnoll shaman (D:6)
  2 iguanas (D:8)
  3 jellies
  A wasp zombie (D:9)
  A giant frog skeleton (D:7)
  6 orc wizards
  A worker ant (D:7)
  3 sheep (D:7)
  4 hound skeletons
  10 gnolls
  10 adders
  2 shadow imps
  2 worms
  35 orcs
  A ball python (D:3)
  8 bats
  7 giant cockroaches
  3 goblins
  6 hobgoblins
  13 jackals
  37 kobolds
  4 quokkas
  A ball python skeleton (D:6)
  A giant newt (D:5)
  A jackal skeleton (D:6)
  9 rats
  4 fungi (D:9)
264 creatures vanquished.

Vanquished Creatures (others)
  A hound skeleton (D:4)
  An orc (D:4)
2 creatures vanquished.

Grand Total: 266 creatures vanquished

Notes
Turn   | Place    | Note
--------------------------------------------------------------
     0 | D:1      | Leibowitz the Demonspawn Gladiator began the quest for the Orb.
     0 | D:1      | Reached XP level 1. HP: 16/16 MP: 1/1
   382 | D:1      | Gained mutation: You are partially covered in sharp spines. [demonic ancestry]
   382 | D:1      | Reached XP level 2. HP: 19/22 MP: 2/2
   587 | D:1      | Reached skill level 3 in Dodging
   837 | D:2      | You fall through a shaft!
   844 | D:3      | Reached XP level 3. HP: 20/27 MP: 3/3
  1182 | D:3      | Reached skill level 1 in Armour
  1182 | D:3      | Reached XP level 4. HP: 18/33 MP: 4/4
  1659 | D:3      | Found a bloodstained altar of Trog.
  1661 | D:3      | Found an opulent altar of Gozag.
  1674 | D:3      | Became a worshipper of Trog the Wrathful
  1678 | D:3      | Found a sparkling altar of Nemelex Xobeh.
  1679 | D:3      | Found a stormy altar of Qazlal.
  1681 | D:3      | Found a shimmering altar of Xom.
  1682 | D:3      | Found a snail-covered altar of Cheibriados.
  1929 | D:4      | Reached XP level 5. HP: 36/39 MP: 5/5
  1951 | D:4      | Reached skill level 1 in Stealth
  2201 | D:4      | Noticed a phantom
  2231 | D:4      | Killed a phantom
  2231 | D:4      | Reached skill level 4 in Dodging
  2231 | D:4      | Reached XP level 6. HP: 36/46 MP: 6/6
  2713 | D:4      | Noticed a slave
  2726 | D:4      | Noticed Pikel
  2726 | D:4      | Noticed a slave
  2727 | D:4      | Noticed a slave
  2727 | D:4      | Noticed a slave
  2745 | D:4      | Killed Pikel
  2745 | D:4      | Reached skill level 5 in Dodging
  2745 | D:4      | Gained mutation: You are slightly more attuned to the shadows. [demonic ancestry]
  2745 | D:4      | Reached XP level 7. HP: 23/52 MP: 7/7
  3020 | D:4      | Found a staircase to the Ecumenical Temple.
  3035 | D:4      | Noticed Rationalist's ghost (average FoFi)
  3047 | D:4      | Killed Rationalist's ghost
  3152 | D:4      | Gained mutation: You are partially covered in yellow scales (AC +2). [demonic ancestry]
  3152 | D:4      | Reached XP level 8. HP: 34/58 MP: 8/8
  3279 | D:4      | Found a deep blue altar of Sif Muna.
  3346 | D:4      | Acquired Trog's first power
  3475 | D:4      | Found a shadowy altar of Dithmenos.
  3536 | D:5      | Entered Level 5 of the Dungeon
  3547 | D:5      | Found a white marble altar of Elyvilon.
  3569 | D:5      | Reached skill level 6 in Dodging
  3727 | D:5      | Noticed Eustachio
  3741 | D:5      | Killed Eustachio
  4337 | D:6      | Gained mutation: Your magical capacity is low (-10% MP). [potion of mutation]
  4337 | D:6      | Gained mutation: You are resistant to electric shocks. [potion of mutation]
  4337 | D:6      | Gained mutation: Your magical capacity is very low (-20% MP). [potion of mutation]
  4404 | D:6      | Found an ancient bone altar of Kikubaaqudgha.
  4462 | D:6      | HP: 3/60 [orc priest/divine providence (13)]
  4463 | D:6      | HP: 1/60 [crimson imp (3)]
  4762 | D:6      | Found an iron altar of Okawaru.
  4792 | D:6      | Reached skill level 5 in Stealth
  4803 | D:6      | Acquired Trog's second power
  4803 | D:6      | Reached skill level 5 in Axes
  5059 | D:6      | Reached XP level 9. HP: 23/66 MP: 7/7
  5499 | D:6      | Reached skill level 7 in Dodging
  5627 | D:6      | Reached skill level 5 in Fighting
  5830 | D:7      | Found an opulent altar of Gozag.
  5941 | D:7      | Found a shadowy altar of Dithmenos.
  6088 | D:7      | Found a shattered altar of Ashenzari.
  6733 | D:8      | Gained mutation: You are somewhat resistant to further mutation. [potion of mutation]
  6733 | D:8      | Gained mutation: You are agile. (Dex +2) [potion of mutation]
  6733 | D:8      | Lost mutation: You are agile. (Dex +2) [potion of mutation]
  6894 | D:8      | Received a gift from Trog
  6894 | D:8      | Reached skill level 8 in Dodging
  6927 | D:8      | Found an iron altar of Okawaru.
  6934 | D:8      | Gained mutation: You have a pair of small antennae on your head. [demonic ancestry]
  6934 | D:8      | Reached XP level 10. HP: 40/77 MP: 8/8
  7871 | D:9      | Found a staircase to the Lair.
  7871 | D:9      | Acquired Trog's third power
  7951 | D:9      | Found a bloodstained altar of Trog.
  8283 | D:9      | Reached skill level 9 in Dodging
  8464 | D:10     | Entered Level 10 of the Dungeon
  9005 | D:10     | Gained mutation: You are significantly more attuned to the shadows. [demonic ancestry]
  9005 | D:10     | Reached XP level 11. HP: 61/83 MP: 8/8
  9134 | D:10     | Received a gift from Trog
  9152 | D:10     | Received a gift from Trog
  9303 | D:10     | Noticed a hill giant
  9312 | D:10     | Killed a hill giant
  9394 | D:10     | Reached skill level 5 in Armour
  9570 | D:10     | Noticed Fannar
  9589 | D:10     | HP: 3/127 [Fannar/Ozocubu's Refrigeration (15)]
  9590 | D:10     | Slain by Fannar

Vault maps used:
D:1:      dpeg_arrival_connections
D:2:      corexii_leaking_fountain, kennysheep_crisscross
D:3:      minitemple, first_bread
D:4:      lemuel_coloured_pillars_altar, minmay_temple_entry_overgrown,
          grunt_ministairs_1, lemuel_blue_sif_altar, uniq_pikel
D:5:      elyvilon_altar_5, serial_curves, eino_curves_02, eino_curves_04,
          eino_curves_04, eino_curves_03, kennysheep_generic_room_16,
          uniq_eustachio
D:6:      nicolae_overflow_hidden_temple, hangedman_abyss_or_decor_stabs,
          okawaru_trees_2
D:7:      cheibrodos_ashenzari_chains, basic_altar, grunt_livestock,
          grunt_gozag_statues
D:8:      overflow_temple_1_default
D:9:      due_lair_maze_entry_diamond, bloody_trog
D:10:     minivault_10, uniq_fannar

Action                   |  1- 3 |  4- 6 |  7- 9 | 10-12 || total
-------------------------+-------+-------+-------+-------++-------
Melee: War axe           |    74 |    71 |   259 |   273 ||   677
 Fire: Blowgun           |       |       |     2 |       ||     2
Throw: Throwing net      |     2 |     1 |     2 |       ||     5
       Javelin           |       |       |     8 |    24 ||    32
Invok: Berserk           |       |       |     1 |     1 ||     2
  Use: Potion            |       |     4 |     9 |     1 ||    14
       Scroll            |       |       |    11 |     4 ||    15
 Stab: Sleeping          |     1 |     1 |     9 |    12 ||    23
       Held in net/web   |       |     1 |     1 |       ||     2
       Distracted        |       |       |     2 |       ||     2
  Eat: Chunk             |     1 |     4 |    15 |    10 ||    30
